 Dungeon Crawl Stone Soup version 0.21-a0-529-g8c7b3f5 (webtiles) character file.

290 slep the Chopper (level 6, -1/31 HPs)
             Began as a Vine Stalker Gladiator on Dec 10, 2017.
             Slain by Crazy Yiuf
             ... wielding a +2 quarterstaff of chaos
              (3 damage)
             ... on level 3 of the Dungeon.
             The game lasted 00:08:45 (3218 turns).

slep the Chopper (Vine Stalker Gladiator)           Turns: 3218, Time: 00:08:45

Health: -1/31      AC:  9    Str: 18    XL:     6   Next: 32%
Magic:  0/7        EV:  2    Int:  8    God:
Gold:   225        SH:  0    Dex: 16    Spells: 5/5 levels left

rFire    . . .     SeeInvis .   t - +4 hand axe
rCold    . . .     Gourm    .   (no shield)
rNeg     + + +     Faith    .   b - +0 leather armour
rPois    ∞         Spirit   +   e - +2 hat
rElec    .         Reflect  .   (no cloak)
rCorr    .         Harm     .   v - +0 pair of gloves
MR       .....                  x - +2 pair of boots
Stlth    ++........             (no amulet)
HPRegen  0.50/turn              (no ring)
MPRegen  0.10/turn              (no ring)

@: petrified, slowed
A: fangs 2, regeneration 1, magic shield, antimagic bite, no potion heal 3, rot
immunity
a: no special abilities


You were on level 3 of the Dungeon.
You were not hungry.

You visited 1 branch of the dungeon, and saw 4 of its levels.

You collected 225 gold pieces.

Inventory:

Hand Weapons
 a - a +0 war axe
 t - a +4 hand axe (weapon)
Missiles
 d - 3 throwing nets (quivered)
 s - 6 javelins
Armour
 b - a +0 leather armour (worn)
 c - a +0 helmet
 e - a +2 hat (worn)
 v - a +0 pair of gloves (worn)
 x - a +2 pair of boots (worn)
Scrolls
 g - 3 scrolls of identify {unknown}
 h - 4 scrolls of teleportation
 o - a scroll of fog {unknown}
 p - a scroll of enchant armour {unknown}
 u - 3 scrolls of random uselessness {unknown}
 w - a scroll of blinking {unknown}
 y - a scroll of amnesia {unknown}
Potions
 i - 2 potions of flight {unknown}
 k - a potion of degeneration {unknown}
 l - 3 potions of curing
 n - a potion of lignification {unknown}
 q - a potion of brilliance {unknown}
 r - a potion of might {unknown}
Comestibles
 f - 5 bread rations
 j - 2 meat rations
 m - a royal jelly


   Skills:
 + Level 2.3 Fighting
 + Level 4.7 Axes
 + Level 1.8 Throwing
 + Level 1.9 Armour
 + Level 3.2 Dodging
 + Level 1.3 Stealth


You had 5 spell levels left.
You didn't know any spells.

Dungeon Overview and Level Annotations

Branches:
Dungeon (4/15)
 Temple: D:4-7

Altars:

Annotations:
D:3 Crazy Yiuf


Innate Abilities, Weirdness & Mutations

You have extremely sharp teeth.
Your natural rate of healing is unusually fast.
When hurt, damage is shared between your health and your magic reserves.
Your bite disrupts and absorbs the magic of your enemies.
Potions cannot restore your health.
You are immune to rotting.


Message History

Crazy Yiuf is almost dead.
Crazy Yiuf cries, "Dawk!"
Crazy Yiuf hits you with a quarterstaff of chaos.
You have turned to stone.
Crazy Yiuf whimpers, "Spliff!"
Crazy Yiuf hits you with a quarterstaff of chaos!
You feel yourself slow down.
Crazy Yiuf hits you with a quarterstaff of chaos.
Crazy Yiuf burns you.
* * * LOW HITPOINT WARNING * * *
Crazy Yiuf hits you with a quarterstaff of chaos!
* * * LOW HITPOINT WARNING * * *
You feel your power leaking away. Crazy Yiuf barely misses you.
Crazy Yiuf hits you with a quarterstaff of chaos.
Crazy Yiuf burns you.
Crazy Yiuf hits you with a quarterstaff of chaos!
* * * LOW HITPOINT WARNING * * *
Crazy Yiuf hits you with a quarterstaff of chaos!
You die...

♣....♣ #.## ♣♣...♣ #..##
♣♣.♣♣ ##...## ♣♣.♣
##.....# ♣.♣♣ #.......
♣♣.♣ ##.....# ♣.♣♣
##..... ##'## #..###
#.@.# #..### #.g.#
#######....# #### #)..#
#.....#.##.# #..# #####
#####.#.##.# #..#
####.#..... ####..#####
#####.....#####
#.........####..##.##..#
#....[.................#
#.........####.#######.#


You could see Crazy Yiuf.

Vanquished Creatures
  An ogre (D:4)
  A howler monkey (D:4)
  A centaur skeleton (D:4)
  A worker ant (D:4)
  3 gnolls (D:4)
  An adder (D:4)
  2 worms
  5 dart slugs
  2 leopard geckos (D:3)
  2 orcs
  3 giant cockroaches
  7 goblins
  6 hobgoblins
  3 jackals (D:2)
  A quokka (D:3)
  2 bats (D:3)
  4 frilled lizards
  A jackal skeleton (D:4)
  9 kobolds
  A quokka skeleton (D:4)
  5 rats
61 creatures vanquished.

Notes
Turn   | Place    | Note
-------+----------+-------------------------------------------
     0 | D:1      | slep the Vine Stalker Gladiator began the quest for the Orb.
     0 | D:1      | Reached XP level 1. HP: 11/11 MP: 2/2
   578 | D:1      | Reached XP level 2. HP: 15/15 MP: 3/3
   811 | D:2      | Reached skill level 3 in Axes
  1033 | D:2      | Reached XP level 3. HP: 6/18 MP: 4/4
  1646 | D:3      | Reached skill level 1 in Armour
  1703 | D:3      | Gained mutation: Your natural rate of healing is unusually fast. [Vine Stalker growth]
  1703 | D:3      | Reached XP level 4. HP: 22/23 MP: 5/5
  1838 | D:3      | Found a runed door.
  2401 | D:4      | Reached skill level 4 in Axes
  2401 | D:4      | Reached XP level 5. HP: 22/26 MP: 6/6
  2784 | D:4      | Reached skill level 1 in Stealth
  2916 | D:4      | Noticed an ogre
  2923 | D:4      | Killed an ogre
  2923 | D:4      | Reached XP level 6. HP: 29/31 MP: 7/7
  3204 | D:3      | Noticed Crazy Yiuf
  3218 | D:3      | Slain by Crazy Yiuf

Vault maps used:
D:1:      roderic_crossed_star, hangedman_decor_points
D:3:      first_bread, uniq_crazy_yiuf_cottage

Skill      XL: |  1  2  3  4  5 |
---------------+----------------+-----
Axes           | 3 4 |  4.7
Armour         | 1 |  1.9
Dodging        | 3 |  3.2
Fighting       | 2 |  2.3
Stealth        | 1 |  1.3
Throwing       | |  1.8

Action                   |  1- 3 |  4- 6 || total
-------------------------+-------+-------++-------
Melee: War axe           |    67 |       ||    67
       Bite              |    27 |    21 ||    48
       Hand axe          |    28 |    57 ||    85
Throw: Throwing net      |     1 |       ||     1
 Stab: Sleeping          |       |     1 ||     1
  Eat: Chunk             |     3 |     4 ||     7
Armor: Leather armour    |    17 |    12 ||    29
Dodge: Dodged            |    58 |    37 ||    95

Table legend:
 A = Spawn XP
 B = Non-spawn XP
 C = Spawn XP percentage of total XP
 D = Spawn monster count
 E = Non-spawn monster count
 F = Spawn count percentage of total count
 G = Total turns spent on level
                    A         B        C        D         E        F      G
               +---------+---------+-------+---------+---------+-------+---------
         Total |       0 |     415 |   0.0 |       0 |      61 |   0.0 |  3218
               +---------+---------+-------+---------+---------+-------+---------
           D:1 |       0 |      11 |   0.0 |       0 |       6 |   0.0 |   794
           D:2 |       0 |      48 |   0.0 |       0 |      22 |   0.0 |   828
           D:3 |       0 |      37 |   0.0 |       0 |      19 |   0.0 |   828
           D:4 |       0 |     319 |   0.0 |       0 |      14 |   0.0 |   768
               +---------+---------+-------+---------+---------+-------+---------
